 Dungeon Crawl Stone Soup version 0.30.1-6-gbe392663c4 (webtiles) character file.

Game seed: 15048336106765523510

12247 PezBoy the Cleaver (level 11, -3/101 HPs)
             Began as a Minotaur Gladiator on Sept 20, 2023.
             Was a High Priest of Okawaru.
             Slain by a skeletal warrior
             ... wielding a +0 halberd
              (20 damage)
             ... on level 14 of the Dungeon.
             The game lasted 00:26:27 (10628 turns).

PezBoy the Cleaver (Minotaur Gladiator)            Turns: 10628, Time: 00:26:28

Health: -3/101     AC: 22    Str: 23    XL:     11   Next: 59%
Magic:  10/10      EV:  8    Int:  5    God:    Okawaru [*****.]
Gold:   736        SH:  0    Dex: 12    Spells: 10/10 levels left

rFire   . . .        N - +3 battleaxe (freeze)
rCold   . . .        (shield currently unavailable)
rNeg    + . .        l - +0 plate armour
rPois   .            c - +0 hat
rElec   .            o - +2 cloak
rCorr   .            y - +1 pair of gloves
SInv    +            n - +0 pair of boots
Will    .....        (no amulet) Stlth
                     p - ring of positive energy
HPRegen 0.36/turn    C - ring of see invisible
MPRegen 0.12/turn

%: no passive effects
@: no status effects
A: horns 2, retaliatory headbutt
a: Renounce Religion, Heroism, Finesse, Duel


You were on level 14 of the Dungeon.
You worshipped Okawaru.
Okawaru was extremely pleased with you.
You visited 2 branches of the dungeon, and saw 13 of its levels.
You also visited: Sewer.

You collected 736 gold pieces.

Inventory:

Hand Weapons
 L - a +1 hand axe of flaming
 N - a +3 battleaxe of freezing (weapon)
Missiles
 e - 13 javelins
 q - 3 throwing nets
 z - 29 poisoned darts (quivered)
 J - 2 boomerangs of dispersal
Armour
 c - a +0 hat (worn)
 l - a +0 plate armour (worn)
 n - a +0 pair of boots (worn)
 o - a +2 cloak (worn)
 y - a +1 pair of gloves (worn)
Jewellery
 a - a +4 ring of protection
 m - a +4 ring of protection
 p - a ring of positive energy (left hand)
 C - a ring of see invisible (right hand)
 I - a +4 ring of protection
Wands
 b - a wand of flame (24)
 w - a wand of roots (10)
 H - a wand of polymorph (3)
 K - a wand of digging (10)
Scrolls
 h - 10 scrolls of teleportation
 u - 3 scrolls of fog
 E - a scroll of silence
 G - a scroll of brand weapon {unknown}
 M - a scroll of magic mapping
Potions
 d - 4 potions of heal wounds
 f - 4 potions of magic
 g - a potion of mutation {unknown}
 i - a potion of resistance
 j - 2 potions of lignification
 k - 3 potions of invisibility {unknown}
 r - 3 potions of ambrosia
 s - a potion of brilliance
 t - 5 potions of curing
 v - 7 potions of flight
 x - 4 potions of might
 B - a potion of attraction {unknown}
Miscellaneous
 A - a piece from Xom's chessboard (15/15)


   Skills:
 + Level 10.7 Fighting
 * Level 14.9 Axes
 - Level 2.0 Throwing
 + Level 10.4 Armour
 - Level 3.2 Dodging
 - Level 6.0 Evocations


You had 10 spell levels left.
You didn't know any spells.
Your spell library contained the following spells:

 Spells                   Type           Power      Damage    Failure   Level
 Blink                    Tloc           0%         N/A       100%        2
 Cigotuvi's Dreadful Rot  Necr/Pois/Air  0%         N/A       100%        2
 Lesser Beckoning         Tloc           0%         N/A       100%        2
 Gell's Gravitas          Tloc           0%         N/A       100%        3
 Teleport Other           Tloc           0%         N/A       100%        3
 Vhi's Electric Charge    Tloc/Air       0%         N/A       100%        3
 Dispel Undead            Necr           0%         3d6       100%        4
 Manifold Assault         Tloc           0%         N/A       100%        4
 Petrify                  Tmut/Erth      0%         N/A       100%        4
 Arcjolt                  Conj/Air       0%         1d10      100%        5
 Metabolic Englaciation   Hex/Ice        0%         N/A       100%        5
 Dispersal                Tloc           0%         N/A       100%        6
 Statue Form              Tmut/Erth      0%         N/A       100%        6
 Storm Form               Tmut/Air       0%         N/A       100%        7
 Disjunction              Tloc           0%         N/A       100%        8
 Maxwell's Capacitive Co  Air            0%         ∞         100%        8
 Death Channel            Necr           Unusable   N/A       N/A         6

Dungeon Overview and Level Annotations

Branches:
Dungeon (11/15)            Temple (0/1) D:7            Lair (1/5) D:10
    Orc (0/2) D:11          Sewer (visited)

Altars:
Ashenzari
Gozag
Kikubaaqudgha
Okawaru
Uskayaw
Vehumet
Xom
The Shining One

Portals:
Trove: D:11 (give +3 gold dragon scales)


Innate Abilities, Weirdness & Mutations

You have a pair of horns on your head.
You reflexively headbutt those who attack you in melee.


Message History

t - 5 potions of curing (gained 1)
A sourceless malevolence fills the Dungeon...
You fall into a shaft and drop 3 floors!
The shaft crumbles and collapses.
You hear a distant snort.
Hark!
There is a gateway to a gauntlet on this level.
Find the entrance quickly before the gate is sealed!
A skeletal warrior comes into view. It is wielding a +0 halberd.
A skeletal warrior comes into view.
It is wielding a +0 trident of protection.
You fail to use your ability.
The skeletal warrior hits you from afar with a +0 halberd!!
The skeletal warrior hits you with a +0 halberd.
The skeletal warrior hits you with a +0 trident of protection!
You hit the skeletal warrior but do no damage.
You hit the skeletal warrior.
You hit the skeletal warrior but do no damage.
You barely miss the skeletal warrior.
The skeletal warrior hits you but does no damage.
The skeletal warrior hits you with a +0 trident of protection.
You slash the skeletal warrior! You freeze the skeletal warrior.
The skeletal warrior is moderately damaged.
You closely miss the skeletal warrior.
The skeletal warrior hits you with a +0 halberd.
The skeletal warrior hits you with a +0 trident of protection.
You slash the skeletal warrior! You freeze the skeletal warrior.
Your headbutt misses the skeletal warrior.
The skeletal warrior is heavily damaged.
You hit the skeletal warrior but do no damage.
The skeletal warrior hits you with a +0 halberd!
The skeletal warrior hits you but does no damage.
You slash the skeletal warrior! You freeze the skeletal warrior.
The skeletal warrior is severely damaged.
You hit the skeletal warrior but do no damage.
The skeletal warrior hits you with a +0 halberd!
The skeletal warrior hits you with a +0 trident of protection!
* * * LOW HITPOINT WARNING * * *
You hit the skeletal warrior but do no damage.
The skeletal warrior is severely damaged.
You hit the skeletal warrior but do no damage.
The skeletal warrior hits you with a +0 halberd!!
You die...

##########
.........#
.........# .
.........# ...
########.#
.....#########.#
.......z@......#
.......z.......#
################


You could see 2 skeletal warriors.

Vanquished Creatures
  Harold (D:9)
  2 two-headed ogres
  Maurice (D:9)
  A gargoyle (D:11)
  An unseen horror (D:11)
  4 trolls
  Sigmund (D:2)
  A wyvern (D:8)
  A shadow (D:9)
  A basilisk (Lair:1)
  A wraith (D:10)
  16 yaks
  2 steam dragons (D:7)
  2 wargs (D:10)
  2 water moccasins
  An acid dragon (D:9)
  6 orc warriors
  5 ice beasts
  3 black bears
  3 ogres
  A wolf (D:9)
  2 kobold brigands
  A gnoll sergeant (D:9)
  A bullfrog (D:7)
  2 scorpions
  11 wights
  14 killer bees
  3 howler monkeys
  2 vampire bats (D:9)
  3 jellies (D:7)
  10 orc priests
  A hound (D:5)
  A gnoll bouda (D:7)
  5 iguanas
  Ijyb (D:3)
  2 sleepcaps
  14 orc wizards
  A sickly merfolk siren (Sewer)
  Terence (D:3)
  A malarious merfolk avatar (Sewer)
  7 gnolls
  13 adders
  5 river rats
  3 shadow imps (D:4)
  11 white imps
  A howler monkey simulacrum (D:9)
  An ufetubus (D:9)
  5 worms
  A dart slug (D:4)
  23 orcs
  4 bats
  3 bat skeletons (D:9)
  A bat zombie (D:9)
  5 endoplasms
  9 giant cockroaches
  12 goblins
  6 hobgoblins
  5 jackals
  5 quokkas
  6 ball pythons
  6 frilled lizards
  12 kobolds
  32 rats
308 creatures vanquished.

Notes
Turn   | Place    | Note
-------+----------+-------------------------------------------
     0 | D:1      | PezBoy the Minotaur Gladiator began the quest for the Orb.
     0 | D:1      | Reached XP level 1. HP: 18/18 MP: 0/0
   198 | D:1      | Reached skill level 4 in Axes
   198 | D:1      | Reached XP level 2. HP: 25/25 MP: 1/1
   494 | D:1      | Reached skill level 1 in Armour
   759 | D:2      | Reached XP level 3. HP: 31/31 MP: 2/2
   968 | D:2      | Found a faded altar of an unknown god.
  1308 | D:2      | Noticed Sigmund
  1318 | D:2      | Killed Sigmund
  1319 | D:2      | Reached skill level 6 in Axes
  1319 | D:2      | Reached XP level 4. HP: 26/40 MP: 3/3
  1319 | D:2      | Reached XP level 5. HP: 30/46 MP: 4/4
  1568 | D:3      | Noticed Ijyb
  1596 | D:3      | Killed Ijyb
  1772 | D:3      | Reached XP level 6. HP: 40/43 MP: 5/5
  1805 | D:3      | Found a glowing drain.
  1816 | Sewer    | Entered a sewer
  2262 | D:3      | Reached skill level 7 in Axes
  2321 | D:3      | Noticed Terence
  2331 | D:3      | Killed Terence
  2517 | D:3      | Reached XP level 7. HP: 37/60 MP: 6/6
  2521 | D:3      | Reached skill level 5 in Fighting
  3189 | D:4      | Found an iron altar of Okawaru.
  3195 | D:4      | Became a worshipper of Warmaster Okawaru
  3697 | D:5      | Entered Level 5 of the Dungeon
  3805 | D:5      | Reached skill level 8 in Axes
  3903 | D:5      | Reached skill level 5 in Armour
  4051 | D:5      | Found a shimmering altar of Xom.
  4107 | D:5      | Reached * piety under Okawaru
  4108 | D:5      | Reached XP level 8. HP: 60/70 MP: 7/7
  4116 | D:5      | Reached skill level 9 in Axes
  4247 | D:5      | Found a glowing golden altar of the Shining One.
  5049 | D:6      | Reached skill level 10 in Axes
  5139 | D:6      | Reached ** piety under Okawaru
  5372 | D:7      | Reached skill level 1 in Evocations
  5372 | D:7      | Reached XP level 9. HP: 79/79 MP: 8/8
  5506 | D:7      | Reached skill level 11 in Axes
  5582 | D:7      | Found an opulent altar of Gozag.
  5789 | D:7      | Reached *** piety under Okawaru
  5939 | D:7      | Found a staircase to the Ecumenical Temple.
  6671 | D:8      | Reached skill level 12 in Axes
  6860 | D:8      | Reached **** piety under Okawaru
  6942 | D:8      | Reached XP level 10. HP: 63/90 MP: 9/9
  7351 | D:9      | Received a gift from Okawaru
  7384 | D:9      | Noticed Maurice
  7406 | D:9      | Killed Maurice
  7765 | D:9      | Found a broken altar of Ashenzari.
  7765 | D:9      | Found a hide-covered altar of Uskayaw.
  7765 | D:9      | Noticed Harold
  7776 | D:9      | Killed Harold
  7777 | D:9      | Reached skill level 13 in Axes
  8213 | D:9      | Received a gift from Okawaru
  8221 | D:9      | Reached skill level 5 in Evocations
  8246 | D:9      | Reached XP level 11. HP: 33/99 MP: 10/10
  8644 | D:9      | Found an ancient bone altar of Kikubaaqudgha.
  8742 | D:10     | Entered Level 10 of the Dungeon
  8750 | D:10     | Noticed a two-headed ogre
  8761 | D:10     | Killed a two-headed ogre
  8761 | D:10     | Reached ***** piety under Okawaru
  8762 | D:10     | Reached skill level 10 in Fighting
  8762 | D:10     | Reached skill level 14 in Axes
  8893 | D:10     | Found a staircase to the Lair.
  9196 | D:10     | Found a radiant altar of Vehumet.
  9499 | D:10     | Received a gift from Okawaru
 10021 | Lair:1   | Entered Level 1 of the Lair of Beasts
 10035 | Lair:1   | Reached skill level 10 in Armour
 10061 | D:11     | Found a portal to a secret trove of treasure.
 10238 | D:11     | Found a staircase to the Orcish Mines.
 10295 | D:11     | Noticed a two-headed ogre
 10305 | D:11     | Received a gift from Okawaru
 10309 | D:11     | Killed a two-headed ogre
 10606 | D:11     | You fall into a shaft and drop 3 floors!
 10615 | D:14     | Noticed a skeletal warrior
 10616 | D:14     | Noticed a skeletal warrior
 10628 | D:14     | Slain by a skeletal warrior

Illustrated notes

Levels and vault maps discovered:
D:1:      nicolae_arrival_washed_ashore, layout_basic, minmay_misc_feat_iff
D:2:      layout_loops_ring, hellmonk_ecumenical_altar_inner_sanctum,
          uniq_sigmund
D:3:      kennysheep_the_goblin_king, layout_rooms, lightli_sewer_entry_pipes,
          uniq_terence
D:4:      layout_loops_ring, old_standard_altar, serial_demonic,
          serial_demonic_b, serial_demonic_c, serial_demonic_f, serial_demonic_d
D:5:      layout_basic, tso_metal_star, lemuel_coloured_pillars_altar
D:6:      layout_basic, hellmonk_bongcloud_opening, kennysheep_boxes
D:7:      cheibrodos_steamvent, layout_cave_pools, grunt_gozag_statues,
          minmay_temple_entry_statues, dk_vineyard_3, minmay_misc_feat_tiny,
          minmay_between
D:8:      layout_basic, grunt_decor_cap
D:9:      layout_basic, kennysheep_vampire_church,
          mainiacjoe_overflow_divided_tiny, serial_ice, serial_ice_n,
          serial_ice_f, serial_ice_h, serial_ice_e, serial_ice_c, serial_ice_l,
          serial_ice_g, serial_ice_a, grunt_ministairs_4, uniq_maurice,
          uniq_harold
D:10:     layout_basic, lemuel_doored_altar, erik_lair_orcish_takeover,
          serial_ice, serial_ice_m, serial_ice_g, serial_ice_d, serial_ice_b
D:11:     layout_roguey, orc_0_dummy, nicolae_trove_entry_crossroad
D:14:     nicolae_cairo_tiling_large, layout_long_grid,
          ximxim_vaults_locker_room, minmay_misc_feat_roman,
          gauntlet_entry_generic, minmay_strange_pillars, uniq_roxanne,
          uniq_frances
Lair:1:   layout_layer_cave, st_stairs_9, chequers_serial_rivers_micro_d,
          lemuel_fruit_fields, infiniplex_staircase_pool, uniq_amaemon,
          uniq_gastronok

Skill      XL: |  1  2  3  4  5  6  7  8  9 10 11 |
---------------+----------------------------------+-----
Axes           | 4 6 7 8 10 12 13 14 | 14.9
Armour         | 1 3 4 5 6 8 9 10 | 10.4
Fighting       | 3 4 6 7 8 9 10 | 10.7
Evocations     | 1 3 5 6 |  6.0
Throwing       | |  2.0
Dodging        | |  3.2

Action                     |  1- 3 |  4- 6 |  7- 9 | 10-12 || total
---------------------------+-------+-------+-------+-------++-------
  Melee: War axe           |    71 |   149 |   305 |   249 ||   774
         Headbutt          |     6 |    27 |    53 |    44 ||   130
         Punch             |       |     2 |     6 |     3 ||    11
         Battleaxe         |       |       |       |    22 ||    22
  Throw: Throwing net      |     1 |     1 |     1 |       ||     3
         Dart              |       |       |       |     6 ||     6
 Invoke: Heroism           |       |       |       |     1 ||     1
    Use: Scroll            |       |       |    18 |     1 ||    19
         Potion            |       |       |     1 |       ||     1
 Armour: Ring mail         |    11 |       |       |       ||    11
         Chain mail        |    34 |    71 |   153 |       ||   258
         Plate armour      |       |       |    22 |   145 ||   167
  Dodge: Dodged            |    40 |    62 |   142 |    94 ||   338
